AoeStats
← chewie1706

Black Forest

506973225Analyzed
4v4 RM · 15d ago on Sep 16, 2026· 18m 12s· 8 players
Game mode
Random Map
Map size
Large (8 player)
Population
200
Speed
Normal
Resources
Standard
Victory
Conquest
Starting age
Dark Age
Ending age
Imperial Age
RankedLock teamsTeams togetherTeam positionsShared explorationLock speedFull tech treeHidden civsTurbo modeCheats
Victory
Defeat
🇲🇽 Saracens · Mexico
1373
+17
🇲🇽 Bohemians · Mexico
1373
+17
🇨🇴 Hindustanis · Colombia
1356
+18
🇨🇴 Shu · Colombia
1179
+23
🇫🇷 Mongols · France
1570
-26
🇫🇷 Hindustanis · France
1372
-18
🇫🇷 Italians · France
1368
-18
🇨🇭 Teutons · Switzerland
1244
-13
Seifer
4:10 Loom
13:20 Feudal Age
14:03 Fishing Lines
14:10 Double-Bit Axe
18:43 Castle Age
Mancaldito
6:10 Loom
8:28 Feudal Age
11:17 Forging
14:36 Horse Collar
16:16 Wheelbarrow
16:08 Scale Barding Armor
Shaka GNU/Linux
5:33 Loom
8:28 Feudal Age
11:45 Double-Bit Axe
14:32 Fletching
BLACK_ROGER
6:09 Loom
9:12 Feudal Age
10:09 Double-Bit Axe
15:58 Fletching
18:24 Padded Archer Armor
18:29 Horse Collar
chewie1706
0:33 Loom
12:18 Feudal Age
17:04 Castle Age
AGS.Grimnel
3:13 Loom
13:08 Feudal Age
14:15 Double-Bit Axe
14:11 Horse Collar
14:15 Fishing Lines
AGS.Shirar
0:37 Loom
11:53 Feudal Age
16:32 Castle Age
15:35 Double-Bit Axe
15:31 Horse Collar
AGS.Sylvatica
0:57 Loom
12:09 Feudal Age
Connection lost

Rejoining the realm…

Still unreachable

The connection could not be restored.

Session expired

The server has moved on; the page needs a fresh start.